AoeStats
← Franta Kocourek

Enclosed

506202026Analyzed
1v1 RM · 21d ago on Sep 12, 2026· 85m 48s· 2 players
Game mode
Random Map
Map size
Tiny (2 player)
Population
200
Speed
Normal
Resources
Standard
Victory
Conquest
Starting age
Dark Age
Ending age
Imperial Age
RankedLock teamsTeams togetherTeam positionsShared explorationLock speedFull tech treeHidden civsTurbo modeCheats
Victory
Defeat
🇨🇿 Bulgarians · Czechia
829
+15
🇩🇪 Spanish · Germany
817
-15
Solomo
3:13 Loom
9:51 Feudal Age
15:52 Bloodlines
16:06 Double-Bit Axe
17:18 Horse Collar
18:57 Scale Barding Armor
19:51 Forging
22:08 Wheelbarrow
21:18 Town Watch
25:32 Castle Age
24:28 Town Watch
24:46 Gold Mining
25:26 Stone Mining
25:40 Pikeman
27:17 Hand Cart
29:17 Squires
29:03 Gambesons
29:04 Arson
31:18 Bow Saw
38:57 Imperial Age
39:51 Iron Casting
39:41 Ballistics
40:37 Conscription
40:46 Fletching
40:57 Padded Archer Armor
40:29 Elite Skirmisher
41:37 Thumb Ring
41:51 Halberdier
43:01 Leather Archer Armor
42:44 Bodkin Arrow
44:34 Ring Archer Armor
45:20 Chemistry
49:17 Heavy Plow
49:21 Bracer
49:22 Scale Mail Armor
50:23 Blast Furnace
50:16 Supremacy
52:11 Two-Man Saw
51:33 Chain Barding Armor
51:30 Chain Mail Armor
51:29 Masonry
51:22 Murder Holes
56:45 Hoardings
56:03 Man-at-Arms
56:39 Long Swordsman
58:15 Sappers
59:00 Two-Handed Swordsman
61:21 Champion
67:03 Town Patrol
69:16 Stone Shaft Mining
Franta Kocourek
9:59 Feudal Age
8:15 Loom
14:00 Double-Bit Axe
15:56 Fletching
19:45 Castle Age
20:20 Pikeman
21:01 Squires
22:41 Bow Saw
24:11 Wheelbarrow
23:51 Forging
28:05 Gold Mining
29:27 Hand Cart
30:19 Iron Casting
31:13 Horse Collar
32:39 Town Watch
34:27 Town Patrol
35:14 Stone Mining
39:31 Imperial Age
39:03 Heavy Plow
39:09 Squires
39:11 Bodkin Arrow
39:16 Padded Archer Armor
39:23 Scale Barding Armor
39:48 Ballistics
41:03 Parthian Tactics
40:39 Stirrups
42:01 Chemistry
41:42 Stone Shaft Mining
42:11 Bracer
43:12 Blast Furnace
45:21 Leather Archer Armor
45:27 Chain Barding Armor
45:15 Heavy Cavalry Archer
48:06 Husbandry
48:45 Bloodlines
48:23 Gambesons
49:46 Stirrups
54:13 Elite Konnik
55:54 Gold Shaft Mining
60:30 Scale Mail Armor
61:06 Plate Barding Armor
64:39 Coinage
64:24 Masonry
63:47 Onager
69:45 Bagains
78:52 Banking
78:51 Chain Mail Armor
82:49 Architecture
Connection lost

Rejoining the realm…

Still unreachable

The connection could not be restored.

Session expired

The server has moved on; the page needs a fresh start.